 Dungeon Crawl Stone Soup version 0.20-b1 (webtiles) character file.

1987 Nothus the Spear-Bearer (level 9, -4/74 HPs)
             Began as a Merfolk Skald on May 27, 2017.
             Killed from afar by a fire giant (33 damage)
             ... with a fireball
             ... on level 6 of the Dungeon.
             The game lasted 00:44:36 (7917 turns).

Nothus the Spear-Bearer (Merfolk Skald)             Turns: 7917, Time: 00:44:43

Health: -4/74      AC:  7    Str: 11    XL:     9   Next: 21%
Magic:  9/12       EV: 12    Int: 13    God:
Gold:   371        SH:  0    Dex: 16    Spells: 4/12 levels left

rFire    . . .     SeeInvis .   a - +3 trident (venom)
rCold    . . .     Gourm    .   (no shield)
rNeg     . . .     Faith    .   K - +0 troll leather armour
rPois    .         Spirit   .   E - +0 helmet
rElec    .         Reflect  .   u - +1 cloak
rCorr    .         Harm     .   (no gloves)
MR       .....                  (no boots)
Stlth    ..........             (no amulet)
Regen    0.7/turn               y - ring of loudness (curse)
MPRegen  0.2/turn               (no ring)

@: infused
A: change form in water, swift swim, stealthy swim
a: no special abilities


You were on level 6 of the Dungeon.
You were not hungry.

You visited 2 branches of the dungeon, and saw 7 of its levels.
You also visited: Sewer.

You collected 371 gold pieces.

Inventory:

Hand Weapons
 a - a +3 trident of venom (weapon)
 b - a +0 blowgun
 m - a +3 flail of protection
 w - a +1 dagger of venom
 C - a +0 spear
Missiles
 r - 14 poisoned needles
 B - a throwing net (quivered)
Armour
 u - a +1 cloak (worn)
 D - a +2 animal skin
 E - a +0 helmet (worn)
 K - a +0 troll leather armour (worn)
Jewellery
 e - an uncursed amulet of faith
 y - a cursed ring of loudness (left hand)
Wands
 f - a wand of flame (18/48)
Scrolls
 h - a scroll of remove curse
 i - 2 scrolls of amnesia
 j - 2 scrolls of enchant armour
 o - a scroll of immolation
 v - 3 scrolls of teleportation
 I - a scroll of identify
 M - a scroll of fog
Potions
 k - a potion of degeneration {unknown}
 l - 3 potions of heal wounds
 p - a potion of lignification
 q - 4 potions of flight
 s - a potion of brilliance {unknown}
 t - a potion of magic {unknown}
 z - 5 potions of curing
 A - a potion of ambrosia
 F - a potion of resistance {unknown}
 G - a potion of cancellation {unknown}
 J - a potion of mutation {unknown}
Books
 c - a book of Battle

   Spells                             Type                      Level
   a - Infusion                       Charms                       1
   b - Shroud of Golubria             Charms/Translocation         2
   c - Song of Slaying                Charms                       2
   d - Spectral Weapon                Hexes/Charms                 3
   e - Regeneration                   Charms/Necromancy            3
 L - a book of Geomancy

   Spells                             Type                      Level
   a - Sandblast                      Earth                        1
   b - Passwall                       Transmutation/Earth          2
   c - Stone Arrow                    Conjuration/Earth            3
   d - Petrify                        Transmutation/Earth          4
   e - Lee's Rapid Deconstruction     Earth                        5
Comestibles
 d - 4 bread rations
 g - 3 meat rations
 n - 3 fruits
 x - 5 royal jellies
 H - 2 chunks of flesh


   Skills:
 - Level 8.3 Fighting
 - Level 9.1 Polearms
 - Level 0.6 Armour
 - Level 2.6 Dodging
 + Level 2.0 Spellcasting
 - Level 8.3 Charms


You had 4 spell levels left.
You knew the following spells:

 Your Spells              Type           Power        Failure   Level  Hunger
a - Infusion              Chrm           ###.         1%          1    ##.....
b - Song of Slaying       Chrm           ###.....     1%          2    ###....
c - Shroud of Golubria    Chrm/Tloc      ##........   9%          2    ###....
d - Spectral Weapon       Hex/Chrm       ##......     19%         3    ####...


Dungeon Overview and Level Annotations

Branches:
Dungeon (6/15)             Temple (1/1) D:6

Altars:
Ashenzari
Cheibriados
Dithmenos
Elyvilon
Fedhas
Gozag
Hepliaklqana
Kikubaaqudgha
Makhleb
Nemelex Xobeh
Okawaru
Qazlal
Ru
Sif Muna
Trog
Uskayaw
Vehumet
Xom
Yredelemnul
Zin
The Shining One


Message History

You puncture the fire giant!
The fire giant looks as sick as possible!
The fire giant is lightly wounded.
Your spectral weapon hits the fire giant.
The fire giant hits you with a great sword of flaming!
The fire giant burns you.
You hit the fire giant.
The fire giant is lightly wounded.
Your spectral weapon hits the fire giant!
The fire giant hits you with a great sword of flaming!
The fire giant burns you.
The fire giant closely misses your spectral weapon.
The fire giant gestures at you while chanting.
The fireball explodes!
The fireball engulfs your spectral weapon.
Your spectral weapon resists.
Your spectral weapon shares its damage with you!
Your spectral weapon fades away.
The fireball engulfs you!
You die...

#รท# #. #.#
#. #.######
#. #......#
##
###.####.#
#........#
#.#...#..#
##
#..#.#...#
######.
#...@....#
#......
##..#.#...##
#.#####
#..#...#...#
#......
#........#.#
#......
#.###C##.#.#
#.8####
#........#.#
#...)..
########.#.#
#......
#.#.#
#......
#.#.#
#.8####


You could see a fire giant.

Vanquished Creatures
  A deep elf mage (D:6)
  A troll (D:6)
  2 sky beasts
  2 ice beasts
  A black bear (D:4)
  An ogre (D:6)
  3 big kobolds
  2 howler monkeys
  An orc priest (D:4)
  3 orc wizards
  4 centaur skeletons
  2 worker ants
  A hound skeleton (D:6)
  Robin (D:4)
  2 river rats (Sewer)
  4 adders
  An ooze (D:2)
  An adder zombie (D:5)
  2 adder skeletons (D:4)
  A worm (D:1)
  3 dart slugs
  7 leopard geckos
  29 orcs
  4 ball pythons
  2 giant cockroaches
  18 goblins
  13 hobgoblins
  5 jackals
  3 quokkas
  A ball python skeleton (D:5)
  16 bats
  10 frilled lizards
  A giant cockroach zombie (D:6)
  A jackal skeleton (D:4)
  24 kobolds
  11 rats
  4 fungi (D:5)
188 creatures vanquished.

Vanquished Creatures (others)
  A spectral weapon (D:6)
1 creature vanquished.

Grand Total: 189 creatures vanquished

Notes
Turn   | Place    | Note
-------+----------+-------------------------------------------
     0 | D:1      | Nothus the Merfolk Skald began the quest for the Orb.
     0 | D:1      | Reached XP level 1. HP: 16/16 MP: 3/3
   413 | D:1      | Reached XP level 2. HP: 23/23 MP: 5/5
  1020 | D:1      | Reached XP level 3. HP: 29/29 MP: 6/6
  1047 | D:1      | Reached skill level 4 in Polearms
  1758 | D:2      | Reached XP level 4. HP: 27/37 MP: 7/7
  2418 | D:2      | Learned a level 2 spell: Song of Slaying
  2894 | D:3      | Reached skill level 5 in Polearms
  2909 | D:3      | Found a faded altar of an unknown god.
  2943 | D:3      | Reached XP level 5. HP: 41/43 MP: 4/8
  3534 | D:3      | Noticed a big kobold
  3535 | D:3      | Noticed a big kobold
  3803 | D:3      | Killed a big kobold
  3803 | D:3      | Reached skill level 5 in Fighting
  3856 | D:3      | Killed a big kobold
  3856 | D:3      | Reached XP level 6. HP: 44/53 MP: 9/9
  3966 | D:4      | Found a radiant altar of Vehumet.
  4001 | D:4      | Noticed Robin
  4944 | D:3      | Learned a level 2 spell: Shroud of Golubria
  4951 | D:4      | Killed Robin
  5027 | D:4      | Found a glowing silver altar of Zin.
  5133 | D:4      | Noticed a black bear
  5145 | D:4      | Killed a black bear
  5145 | D:4      | Reached XP level 7. HP: 36/61 MP: 7/10
  5613 | D:5      | Entered Level 5 of the Dungeon
  5626 | D:5      | Found an iron altar of Okawaru.
  5871 | D:5      | Found a glowing drain.
  5880 | Sewer    | Entered a sewer
  5967 | Sewer    | Reached skill level 6 in Polearms
  6064 | Sewer    | Found a white marble altar of Elyvilon.
  6168 | D:5      | Reached skill level 7 in Polearms
  6168 | D:5      | Reached XP level 8. HP: 68/68 MP: 11/11
  6299 | D:5      | Reached skill level 8 in Polearms
  6584 | D:5      | Found a sacrificial altar of Ru.
  6793 | D:6      | Reached skill level 9 in Polearms
  6954 | D:6      | Reached skill level 5 in Charms
  7087 | D:6      | Found a shattered altar of Ashenzari.
  7334 | D:6      | Found a staircase to the Ecumenical Temple.
  7336 | D:6      | Noticed a troll
  7349 | D:6      | Killed a troll
  7413 | Temple   | Entered the Ecumenical Temple
  7788 | D:6      | Noticed a deep elf mage
  7794 | D:6      | Killed a deep elf mage
  7794 | D:6      | Reached XP level 9. HP: 71/74 MP: 6/12
  7807 | D:6      | Learned a level 3 spell: Spectral Weapon
  7905 | D:6      | Noticed a fire giant
  7917 | D:6      | Killed from afar by a fire giant

Skill      XL: |  1  2  3  4  5  6  7  8 |
---------------+-------------------------+-----
Fighting       | 3 4 6 7 8 |  8.3
Polearms       | 4 5 7 9 |  9.1
Charms         | 8 |  8.3
Armour         | |  0.6
Dodging        | |  2.6
Spellcasting   | |  2.0

Action                   |  1- 3 |  4- 6 |  7- 9 || total
-------------------------+-------+-------+-------++-------
Melee: Spear             |   129 |   354 |     7 ||   490
       Tailslap          |       |     1 |     1 ||     2
       Trident           |       |    16 |   196 ||   212
Throw: Throwing net      |       |       |     1 ||     1
 Cast: Infusion          |     4 |    12 |     6 ||    22
       Song of Slaying   |       |     3 |     2 ||     5
       Shroud of Golubri |       |     1 |       ||     1
       Spectral Weapon   |       |       |     1 ||     1
  Use: Scroll            |     3 |     1 |     7 ||    11
       Potion            |       |     2 |       ||     2
 Stab: Sleeping          |     1 |     4 |       ||     5
       Distracted        |       |       |     1 ||     1
  Eat: Chunk             |     3 |     6 |    10 ||    19
       Meat ration       |       |     1 |       ||     1
Armor: Leather armour    |    21 |    74 |       ||    95
       Animal skin       |       |     6 |    28 ||    34
       Troll leather arm |       |       |     3 ||     3
Dodge: Dodged            |    66 |   152 |    61 ||   279
